 Dungeon Crawl Stone Soup version 0.30-a0-777-ga9a30cbeda (webtiles) character file.

Game seed: 15553352048061601811

104 kae the Digger (level 4, 0/24 HPs)
             Began as a Gargoyle Earth Elementalist on Feb 13, 2023.
             Slain by an iguana (7 damage)
             ... on level 4 of the Dungeon.
             The game lasted 00:01:51 (2617 turns).

kae the Digger (Gargoyle Earth Elementalist)        Turns: 2617, Time: 00:01:52

Health: 0/24       AC:  7    Str: 12    XL:     4   Next: 80%
Magic:  3/9        EV: 11    Int: 17    God:
Gold:   163        SH:  0    Dex: 10    Spells: 3/9 levels left

rFire   . . .      SeeInvis .    (no weapon)
rCold   + . .      Faith    .    (no shield)
rNeg    + . .      Spirit   .    a - +0 robe
rPois   ∞          Reflect  .    (no helmet)
rElec   +          Harm     .    d - +0 cloak
rCorr   .          Rampage  .    f - +0 pair of gloves
Will    .....                    (no boots)
Stlth   ++                       (no amulet)
HPRegen 0.24/turn                C - ring of protection from cold
MPRegen 0.11/turn                (no ring)

@: no status effects
A: sickness immunity, AC +3, negative energy resistance 1, electricity
resistance, torment resistance 1, petrification resistance
a: no special abilities


You were on level 4 of the Dungeon.
You visited 1 branch of the dungeon, and saw 4 of its levels.

You collected 163 gold pieces.


Innate Abilities, Weirdness & Mutations

You are immune to sickness and miasma.
Your stone body is resilient. (AC +3)
You are immune to poison.
You resist negative energy. (rN+)
You are resistant to electric shocks. (rElec)
You are resistant to unholy torment.
You are immune to petrification.


   Skills:
 - Level 1.5 Dodging
 - Level 2.1 Stealth
 + Level 3.3 Spellcasting
 * Level 0.9 Conjurations
 - Level 0.7 Transmutations
 + Level 5.1 Earth Magic


You had 3 spell levels left.
You knew the following spells:

 Your Spells              Type           Power      Damage    Failure   Level
a - Sandblast             Erth           40%        2d10      1%          1
b - Stone Arrow           Conj/Erth      26%        3d8       14%         3
c - Passwall              Tmut/Erth      10%        N/A       8%          2

Your spell library contained the following spells:

 Spells                   Type           Power      Damage    Failure   Level
 Petrify                  Tmut/Erth      12%        N/A       45%         4

Inventory:

Missiles
 i - 18 stones
 j - 3 poisoned darts
Armour
 a - a +0 robe (worn)
 d - a +0 cloak (worn)
   (You found it on level 1 of the Dungeon)
 f - a +0 pair of gloves (worn)
   (You found it on level 1 of the Dungeon)
Jewellery
 c - a ring of ice
   (You found it on level 2 of the Dungeon)
 C - a ring of protection from cold (left hand)
   (You found it on level 1 of the Dungeon)
Scrolls
 e - 2 scrolls of teleportation {@r4}
 n - a scroll of summoning {unknown}
Potions
 b - a potion of magic
 g - a potion of brilliance {unknown}
 h - a potion of invisibility {unknown}
 k - a potion of mutation {!q}
 l - a potion of attraction {unknown}
 m - 3 potions of lignification {unknown}
 o - a potion of degeneration {unknown}

Dungeon Overview and Level Annotations

Branches:
Dungeon (4/15) Zot: 21335
 Temple: D:4-7

Altars:
Ru
Sif Muna
Xom
Yredelemnul

Annotations:
D:3 3 runed translucent doors, bmj180's ghost, amateur GrEE

#.# #.# #.#
#.# #.# #.#
#.# #.# #.#
#.#
#########.#
#.# #.#
#.).......#
#.# #.#
#.#########
#.# #.# #^#
####.# ###.#
#.# #....#
....###.##
#@####
######...####
#l#
............#
#.#
######...##.#
#.# #
##.###.# #.#
#.# #.# #.#
#.# #.# #.#
#.###.####.#
#..........#


You could see an iguana.


Message History

You can't see any susceptible monsters within range! (Use Z to cast anyway.)
You open the door.
Found three altars. 😎 MP[+1]
Your mp is fully restored (9).
You hear the slow rusting of a very distant drain.
You now have 146 gold pieces (gained 5).
An endoplasm comes into view.
An endoplasm is nearby!
Casting: Sandblast (safe; 1% risk of failure)
Confirm with . or Enter, or press ? or * to list all spells.
Aiming: Sandblast (safe; 1% risk of failure)
Press: ? - help, Shift-Dir - straight line, f - endoplasm
Aim: an endoplasm (98% to hit)
The blast of sand hits the endoplasm!
You kill the endoplasm! 😎 MP[-1]
You lost 1 mp, and now have 8/9 mp.
No target in view!
Casting: Sandblast (safe; 1% risk of failure)
Confirm with . or Enter, or press ? or * to list all spells.
You can't see any susceptible monsters within range! (Use Z to cast anyway.)
Casting: Sandblast (safe; 1% risk of failure)
Confirm with . or Enter, or press ? or * to list all spells.
You can't see any susceptible monsters within range! (Use Z to cast anyway.)
You now have 163 gold pieces (gained 17).
You hear the rusting of a very distant drain.
You see here a +0 falchion.
An iguana comes into view. 😎 MP[+1]
Your mp is fully restored (9).
An iguana is nearby!
Casting: Sandblast (safe; 1% risk of failure)
Confirm with . or Enter, or press ? or * to list all spells.
Aiming: Sandblast (safe; 1% risk of failure)
Press: ? - help, Shift-Dir - straight line, f - iguana
Aim: an iguana (asleep, 100% to hit)
The blast of sand hits the iguana.
The iguana hisses angrily.
The iguana bites you but does no damage. 😎 MP[-1]
You lost 1 mp, and now have 8/9 mp.
Casting: Sandblast (safe; 1% risk of failure)
Confirm with . or Enter, or press ? or * to list all spells.
Aiming: Sandblast (safe; 1% risk of failure)
Press: ? - help, Shift-Dir - straight line, f/p - iguana
Aim: an iguana (lightly wounded, 85% to hit)
The blast of sand hits the iguana but does no damage.
The iguana misses you. The iguana closely misses you. 😎 MP[-1]
You lost 1 mp, and now have 7/9 mp.
Casting: Sandblast (safe; 1% risk of failure)
Confirm with . or Enter, or press ? or * to list all spells.
Aiming: Sandblast (safe; 1% risk of failure)
Press: ? - help, Shift-Dir - straight line, f/p - iguana
Aim: an iguana (lightly wounded, 85% to hit)
The blast of sand misses the iguana.
The iguana bites you. 😮 HP[-6] MP[-1]
You take 6 damage, and now have 18/24 hp.
MASSIVE DAMAGE!! (PAUSE)
You lost 1 mp, and now have 6/9 mp.
Casting: Sandblast (safe; 1% risk of failure)
Confirm with . or Enter, or press ? or * to list all spells.
Aiming: Sandblast (safe; 1% risk of failure)
Press: ? - help, Shift-Dir - straight line, f/p - iguana
Aim: an iguana (lightly wounded, 85% to hit)
The blast of sand hits the iguana but does no damage.
The iguana bites you but does no damage.
The iguana bites you. 😮 HP[-5] MP[-1]
You take 5 damage, and now have 13/24 hp.
MASSIVE DAMAGE!! (PAUSE)
You lost 1 mp, and now have 5/9 mp.
Casting: Sandblast (safe; 1% risk of failure)
Confirm with . or Enter, or press ? or * to list all spells.
Aiming: Sandblast (safe; 1% risk of failure)
Press: ? - help, Shift-Dir - straight line, f/p - iguana
Aim: an iguana (lightly wounded, 85% to hit)
The blast of sand hits the iguana but does no damage.
The iguana bites you!
* * * LOW HITPOINT WARNING * * *
😨 HP[-6] MP[-1]
You take 6 damage, and now have 7/24 hp.
MASSIVE DAMAGE!! (PAUSE)
You lost 1 mp, and now have 4/9 mp.
Casting: Sandblast (safe; 1% risk of failure)
Confirm with . or Enter, or press ? or * to list all spells.
Aiming: Sandblast (safe; 1% risk of failure)
Press: ? - help, Shift-Dir - straight line, f/p - iguana
Aim: an iguana (lightly wounded, 85% to hit)
The blast of sand hits the iguana.
The iguana barely misses you.
The iguana bites you but does no damage.
Casting: Sandblast (safe; 1% risk of failure)
Confirm with . or Enter, or press ? or * to list all spells.
Aiming: Sandblast (safe; 1% risk of failure)
Press: ? - help, Shift-Dir - straight line, f/p - iguana
Aim: an iguana (moderately wounded, 85% to hit)
The blast of sand hits the iguana but does no damage.
The iguana bites you!
You die...

Skill      XL: |  1  2  3  4 |
---------------+-------------+-----
Earth Magic    | 4 5 |  5.1
Spellcasting   | 3 |  3.3
Dodging        | |  1.5
Stealth        | |  2.1
Conjurations   | |  0.9
Transmutations | |  0.7

Action                     |  1- 3 |  4- 6 || total
---------------------------+-------+-------++-------
  Melee: Unarmed           |     4 |       ||     4
   Cast: Sandblast         |    56 |    38 ||    94
    Use: Scroll            |     3 |     2 ||     5
 Armour: Robe              |    14 |     4 ||    18
  Dodge: Dodged            |    13 |     7 ||    20

Levels and vault maps discovered:
D:1:      psy_arrival_whirlpool, layout_basic,
          hellmonk_ecumenical_altar_watching_god, kennysheep_boxes
D:2:      layout_loops_ring, basic_altar
D:3:      layout_basic, gammafunk_ghost_necromancy
D:4:      layout_loops_ring, gammafunk_temple_overflow_claw,
          portal_sewer_entry_e, uniq_crazy_yiuf_cottage

Notes
Turn   | Place    | Note
-------+----------+-------------------------------------------
     0 | D:1      | kae the Gargoyle Earth Elementalist began the quest for the
                  | Orb.
     0 | D:1      | Reached XP level 1. HP: 10/10 MP: 3/3
     0 | D:1      | magus.rc [v1.11.3]
   169 | D:1      | Reached skill level 4 in Earth Magic
   169 | D:1      | Reached XP level 2. HP: 15/15 MP: 0/5
   217 | D:1      | Noticed a great orb of eyes
   717 | D:1      | Found a faded altar of an unknown god.
   720 | D:1      | Noticed a great orb of eyes
   720 | D:1      | Noticed a floating eye
   720 | D:1      | Noticed a golden eye
   751 | D:1      | Reached XP level 3. HP: 19/19 MP: 4/6
   755 | D:1      | Learned a level 3 spell: Stone Arrow
   758 | D:1      | Learned a level 2 spell: Passwall
   996 | D:2      | Found a shimmering blue altar of Sif Muna.
  1268 | D:2      | Reached skill level 3 in Spellcasting
  1375 | D:2      | Reached XP level 4. HP: 24/24 MP: 4/8
  1637 | D:3      | Reached skill level 5 in Earth Magic
  1860 | D:3      | Found a runed translucent gate.
  1862 | D:3      | Found a runed translucent gate.
  1862 | D:3      | Found a runed translucent gate.
  1863 | D:3      | Noticed bmj180's ghost (amateur GrEE)
  2533 | D:4      | Found a basalt altar of Yredelemnul.
  2533 | D:4      | Found a shimmering altar of Xom.
  2533 | D:4      | Found a sacrificial altar of Ru.
  2617 | D:4      | Slain by an iguana

Vanquished Creatures
  3 adders
  3 worms
  A dart slug (D:1)
  An orc (D:3)
  5 endoplasms
  4 giant cockroaches
  5 goblins
  4 hobgoblins
  4 jackals (D:2)
  9 kobolds
  6 quokkas
  4 ball pythons
  7 bats
  A frilled lizard (D:2)
  2 rats
59 creatures vanquished.

Vanquished Creatures (others)
  A plant (D:1)
1 creature vanquished.

Grand Total: 60 creatures vanquished

Table legend:
 A = Non-vault XP
 B = Vault XP
 C = Vault XP percentage of total XP
 D = Non-vault monster count
 E = Vault monster count
 F = Vault count percentage of total count
                 A         B        C        D         E       F
            +---------+---------+-------+---------+---------+-------
      Total |     149 |       0 |   0.0 |      59 |       0 |   0.0
            +---------+---------+-------+---------+---------+-------
        D:1 |      34 |       0 |   0.0 |      19 |       0 |   0.0
        D:2 |      64 |       0 |   0.0 |      22 |       0 |   0.0
        D:3 |      42 |       0 |   0.0 |      15 |       0 |   0.0
        D:4 |       9 |       0 |   0.0 |       3 |       0 |   0.0
            +---------+---------+-------+---------+---------+-------

Illustrated notes

Table legend:
 A = Kills in this place as a percentage of kills in entire the game.
 B = Kills by you in this place as a percentage of kills by you in the entire game.
 C = Kills by friends in this place as a percentage of kills by friends in the entire game.
 D = Other kills in this place as a percentage of other kills in the entire game.
 E = Experience gained in this place as a percentage of experience gained in the entire game.
 F = Experience gained in this place divided by the number of levels of this place that you have seen.
                   A       B       C       D       E      F
               +-------+-------+-------+-------+-------+----------------------
         Total | 100.0 | 100.0 |   N/A |   N/A | 100.0 |  37.2
       Dungeon | 100.0 | 100.0 |   N/A |   N/A | 100.0 |  37.2
               +-------+-------+-------+-------+-------+----------------------

Table legend: (Time is in decaauts)
 A = Elapsed time spent in this place.
 B = Non-inter-level travel time spent in this place.
 C = Inter-level travel time spent in this place.
 D = Time resting spent in this place.
 E = Time spent auto-exploring this place.
 F = Levels seen in this place.
 G = Mean time per level.
                   A        B        C        D        E       F      G
               +--------+--------+--------+--------+--------+-----+--------+
         Total |   2663 |   2593 |     70 |      8 |   2239 |   4 |  665.8 |
       Dungeon |   2663 |   2593 |     70 |      8 |   2239 |   4 |  665.8 |
               +--------+--------+--------+--------+--------+-----+--------+

Top non-repeatable levels by time:
     D:2: 865 daAuts
     D:1: 798 daAuts
     D:3: 672 daAuts
     D:4: 326 daAuts
